PAA
MERCER ISLAND SCREAMING EAGLES @ MARQUETTE MINERS
08/15/2021
 
TOP OF THE 1ST
Mercer Island Screaming Eagles batting - Pitching for Marquette Miners : RHP Brad Cunnick
Pitching: RHP Brad Cunnick
Batting: LHB Nelson Plasenia 0-0: Swinging Strike
0-1: Fly out, F8 (Flyball, 8LD)
Batting: RHB Shawn McCormack 0-0: Foul Ball, location: 2F
0-1: Swinging Strike
0-2: Ball
1-2: Fly out, F8 (Flyball, 8RM)
Batting: RHB Enrique Echevarría 0-0: Ball
1-0: Foul Ball, location: 2F
1-1: Swinging Strike
1-2: Strikes out swinging
Top of the 1st over - 0 run(s), 0 hit(s), 0 error(s), 0 left on base; Mercer Island 0 - Marquette 0
BOTTOM OF THE 1ST
Marquette Miners batting - Pitching for Mercer Island Screaming Eagles : LHP Carlos Sánchez
Pitching: LHP Carlos Sánchez
Batting: RHB Howard Kelly 0-0: Ball
1-0: Bunt missed!
1-1: Ball
2-1: Ball
3-1: Base on Balls
Batting: RHB Gerald Clark 0-0: Ball
1-0: Ball
2-0: Ball
3-0: Called Strike
3-1: Fly out, F8 (Flyball, 8LM)
Batting: RHB Adrian Hale 0-0: Called Strike
0-1: Ball
1-1: Called Strike
1-2: Ball
2-2: Ball
3-2: Base on Balls
Howard Kelly to second
Batting: RHB Pedro Pérez 0-0: Ball
1-0: Foul Ball, location: 2F
1-1: Ball
2-1: Ball
Howard Kelly steals 3rd base
Adrian Hale to second
3-1: Fly out, F7 (Flyball, 78M)
Runner from 3rd tags up, SCORES, no throw
Batting: RHB Francis Kelly 0-0: Called Strike
0-1: Swinging Strike
0-2: Ball
1-2: Ball
2-2: Ground out 4-3 (Groundball, 4)
Bottom of the 1st over - 1 run(s), 0 hit(s), 0 error(s), 1 left on base; Mercer Island 0 - Marquette 1
TOP OF THE 2ND
Mercer Island Screaming Eagles batting - Pitching for Marquette Miners : RHP Brad Cunnick
Batting: RHB Luis Antonio Hernández 0-0: Called Strike
0-1: Foul Ball, location: 2F
0-2: Strikes out swinging
Batting: RHB Randy Rehling 0-0: Ball
1-0: Ball
2-0: Ball
3-0: Base on Balls
Batting: LHB Carlos Medina 0-0: Foul Ball, location: 2F
0-1: Foul Ball, location: 2F
0-2: Strikes out looking
Batting: SHB León Estrada 0-0: Called Strike
0-1: Ground out U3 (Groundball, 3S)
Top of the 2nd over - 0 run(s), 0 hit(s), 0 error(s), 1 left on base; Mercer Island 0 - Marquette 1
BOTTOM OF THE 2ND
Marquette Miners batting - Pitching for Mercer Island Screaming Eagles : LHP Carlos Sánchez
Batting: RHB Manuel Herrera 0-0: Fly out, F9 (Flyball, 89M)
Batting: LHB Alan Hardy 0-0: Called Strike
0-1: Ground out 1-3 (Groundball, 13)
Batting: LHB Jorge Flores 0-0: Called Strike
0-1: Ball
1-1: Foul Ball, location: 2F
1-2: Strikes out swinging
Bottom of the 2nd over - 0 run(s), 0 hit(s), 0 error(s), 0 left on base; Mercer Island 0 - Marquette 1
TOP OF THE 3RD
Mercer Island Screaming Eagles batting - Pitching for Marquette Miners : RHP Brad Cunnick
Batting: RHB Ted Cook 0-0: Called Strike
0-1: Ball
1-1: Ball
2-1: Foul Ball, location: 2F
2-2: Ball
3-2: Base on Balls
Batting: RHB Alan Rosales 0-0: Ball
1-0: Ball
2-0: Ball
3-0: Base on Balls
Ted Cook to second
Batting: LHB Nelson Plasenia 0-0: Ball
1-0: SINGLE (Line Drive, 8LS)
Ted Cook to third
Alan Rosales to second
Batting: RHB Shawn McCormack 0-0: Ball
1-0: Swinging Strike
1-1: Ball
2-1: Foul Ball, location: 2F
2-2: Grounds into double play, 5-4-3 (Groundball, 56)
Ted Cook scores
Alan Rosales to third
Batting: RHB Enrique Echevarría 0-0: Ball
1-0: Called Strike
1-1: Called Strike
1-2: Ball
2-2: Ball
3-2: Ground out 6-3 (Groundball, 6)
Top of the 3rd over - 1 run(s), 1 hit(s), 0 error(s), 1 left on base; Mercer Island 1 - Marquette 1
BOTTOM OF THE 3RD
Marquette Miners batting - Pitching for Mercer Island Screaming Eagles : LHP Carlos Sánchez
Batting: LHB José Ortega 0-0: Ball
1-0: Ball
2-0: Ball
3-0: Base on Balls
Batting: RHB Howard Kelly 0-0: Called Strike
0-1: Ball
1-1: Ball
2-1: Ball
3-1: Base on Balls
José Ortega to second
Batting: RHB Gerald Clark 0-0: Foul Ball, location: 2F
0-1: Called Strike
0-2: Foul Ball, location: 2F
0-2: Ball
1-2: Grounds into double play, U6-3 (Groundball, 6)
José Ortega to third
Batting: RHB Adrian Hale 0-0: Foul Ball, location: 2F
0-1: Ball
1-1: Ball
2-1: SINGLE (Line Drive, 8LS)
José Ortega scores
Batting: RHB Pedro Pérez 0-0: Swinging Strike
0-1: Called Strike
0-2: Ball
1-2: Foul Ball, location: 2F
1-2: Strikes out swinging
Bottom of the 3rd over - 1 run(s), 1 hit(s), 0 error(s), 1 left on base; Mercer Island 1 - Marquette 2
TOP OF THE 4TH
Mercer Island Screaming Eagles batting - Pitching for Marquette Miners : RHP Brad Cunnick
Batting: RHB Luis Antonio Hernández 0-0: Foul Ball, location: 2F
0-1: Ball
1-1: Ground out 5-3 (Groundball, 56)
Batting: RHB Randy Rehling 0-0: Ball
1-0: Ball
2-0: Foul Ball, location: 2F
2-1: Fly out, F6 (Popup, 56D)
Batting: LHB Carlos Medina 0-0: Ball
1-0: Ball
2-0: Fly out, F9 (Flyball, 89M)
Top of the 4th over - 0 run(s), 0 hit(s), 0 error(s), 0 left on base; Mercer Island 1 - Marquette 2
BOTTOM OF THE 4TH
Marquette Miners batting - Pitching for Mercer Island Screaming Eagles : LHP Carlos Sánchez
Batting: RHB Francis Kelly 0-0: Foul Ball, location: 2F
0-1: Called Strike
0-2: Ball
1-2: Ball
2-2: Ground out 6-3 (Groundball, 6)
Batting: RHB Manuel Herrera 0-0: Called Strike
0-1: Ball
1-1: Ball
2-1: Fly out, F3 (Popup, 3SF)
Batting: LHB Alan Hardy 0-0: Fly out, F7 (Flyball, 78M)
Bottom of the 4th over - 0 run(s), 0 hit(s), 0 error(s), 0 left on base; Mercer Island 1 - Marquette 2
TOP OF THE 5TH
Mercer Island Screaming Eagles batting - Pitching for Marquette Miners : RHP Brad Cunnick
Batting: SHB León Estrada 0-0: Called Strike
0-1: Ball
1-1: Ball
2-1: Called Strike
2-2: Foul Ball, location: 2F
2-2: SINGLE (Groundball, 6D)
Batting: RHB Ted Cook 0-0: Bunted foul
0-1: Bunted foul
0-2: Ball
1-2: Grounds into double play, 6-4-3 (Groundball, 6)
Batting: RHB Alan Rosales 0-0: Ball
1-0: Called Strike
1-1: Swinging Strike
1-2: Foul Ball, location: 2F
1-2: Ball
2-2: Strikes out looking
Top of the 5th over - 0 run(s), 1 hit(s), 0 error(s), 0 left on base; Mercer Island 1 - Marquette 2
BOTTOM OF THE 5TH
Marquette Miners batting - Pitching for Mercer Island Screaming Eagles : LHP Carlos Sánchez
Batting: LHB Jorge Flores 0-0: Called Strike
0-1: Ball
1-1: Foul Ball, location: 2F
1-2: Strikes out swinging
Batting: LHB José Ortega 0-0: Fly out, F8 (Flyball, 8LM)
Batting: RHB Howard Kelly 0-0: Ball
1-0: Ball
2-0: Ball
3-0: Called Strike
3-1: Base on Balls
Batting: RHB Gerald Clark 0-0: Ball
1-0: Ball
2-0: Called Strike
Throwing error on steal attempt, E2
Howard Kelly to third
2-1: Foul Ball, location: 2F
2-2: Foul Ball, location: 2F
2-2: Foul Ball, location: 2F
2-2: SINGLE (Line Drive, 6D)
Howard Kelly scores
Batting: RHB Adrian Hale 0-0: Ball
1-0: Swinging Strike
1-1: Ball
2-1: Ground out U3 (Groundball, 3S)
Bottom of the 5th over - 1 run(s), 1 hit(s), 1 error(s), 1 left on base; Mercer Island 1 - Marquette 3
TOP OF THE 6TH
Mercer Island Screaming Eagles batting - Pitching for Marquette Miners : RHP Brad Cunnick
Batting: LHB Nelson Plasenia 0-0: Called Strike
0-1: Fly out, F6 (Popup, 6D)
Batting: RHB Shawn McCormack 0-0: Called Strike
0-1: Ball
1-1: Called Strike
1-2: Ball
2-2: Ground out 1-3 (Groundball, 25)
Batting: RHB Enrique Echevarría 0-0: Ball
1-0: Ball
2-0: Ball
3-0: Called Strike
3-1: Swinging Strike
3-2: Ground out 5-3 (Groundball, 56)
Top of the 6th over - 0 run(s), 0 hit(s), 0 error(s), 0 left on base; Mercer Island 1 - Marquette 3
BOTTOM OF THE 6TH
Marquette Miners batting - Pitching for Mercer Island Screaming Eagles : LHP Carlos Sánchez
Batting: RHB Pedro Pérez 0-0: Ball
1-0: Called Strike
1-1: Ball
2-1: Foul Ball, location: 2F
2-2: Ground out 4-3 (Groundball, 4MD)
Batting: RHB Francis Kelly 0-0: Ball
1-0: Ground out 6-3 (Groundball, 6)
Batting: RHB Manuel Herrera 0-0: Ball
1-0: Foul Ball, location: 2F
1-1: Ball
2-1: SINGLE (Groundball, 5D)
Batting: LHB Alan Hardy 0-0: Ball
1-0: Called Strike
Manuel Herrera is caught stealing 2nd base
Bottom of the 6th over - 0 run(s), 1 hit(s), 0 error(s), 0 left on base; Mercer Island 1 - Marquette 3
TOP OF THE 7TH
Mercer Island Screaming Eagles batting - Pitching for Marquette Miners : RHP Brad Cunnick
Batting: RHB Luis Antonio Hernández 0-0: Ball
1-0: Foul Ball, location: 2F
1-1: Foul Ball, location: 2F
1-2: Ball
2-2: Foul Ball, location: 2F
2-2: Fly out, F7 (Flyball, 78M)
Batting: RHB Randy Rehling 0-0: Ground out 5-3 (Groundball, 56)
Batting: LHB Carlos Medina 0-0: Ball
1-0: SINGLE (Line Drive, 89M)
Batting: SHB León Estrada 0-0: Foul Ball, location: 2F
0-1: Ball
1-1: Fly out, F8 (Flyball, 8RM)
Top of the 7th over - 0 run(s), 1 hit(s), 0 error(s), 1 left on base; Mercer Island 1 - Marquette 3
BOTTOM OF THE 7TH
Marquette Miners batting - Pitching for Mercer Island Screaming Eagles : LHP Carlos Sánchez
Batting: LHB Alan Hardy 0-0: Called Strike
0-1: Fly out, F9 (Flyball, 9LS)
Batting: LHB Jorge Flores 0-0: Ball
1-0: Called Strike
1-1: Ball
2-1: Ground out 5-3 (Groundball, 15S)
Batting: LHB José Ortega 0-0: Swinging Strike
0-1: Called Strike
0-2: Strikes out swinging
Bottom of the 7th over - 0 run(s), 0 hit(s), 0 error(s), 0 left on base; Mercer Island 1 - Marquette 3
TOP OF THE 8TH
Mercer Island Screaming Eagles batting - Pitching for Marquette Miners : RHP Brad Cunnick
Batting: RHB Ted Cook 0-0: Ball
1-0: Ground out 5-3 (Groundball, 5S)
Batting: RHB Alan Rosales 0-0: Called Strike
0-1: Ball
1-1: Foul Ball, location: 2F
1-2: Foul Ball, location: 2F
1-2: Ball
2-2: Ball
3-2: Fly out, F8 (Flyball, 8LM)
Batting: LHB Nelson Plasenia 0-0: Swinging Strike
0-1: Ball
1-1: Fly out, F7 (Flyball, 7M)
Top of the 8th over - 0 run(s), 0 hit(s), 0 error(s), 0 left on base; Mercer Island 1 - Marquette 3
BOTTOM OF THE 8TH
Marquette Miners batting - Pitching for Mercer Island Screaming Eagles : LHP Carlos Sánchez
Batting: RHB Howard Kelly 0-0: Ball
1-0: Foul Ball, location: 2F
1-1: Swinging Strike
1-2: Strikes out swinging
Batting: RHB Gerald Clark 0-0: Swinging Strike
0-1: Ball
1-1: Foul Ball, location: 2F
1-2: Strikes out swinging
Batting: RHB Adrian Hale 0-0: Called Strike
0-1: Ball
1-1: Foul Ball, location: 2F
1-2: Foul Ball, location: 2F
1-2: DOUBLE (Line Drive, 34)
Pitching: LHP Tim Harris
Batting: RHB Pedro Pérez 0-0: Ball
1-0: Swinging Strike
1-1: Foul Ball, location: 2F
1-2: SINGLE (Line Drive, 3)
Adrian Hale to third
Runner from 3rd tries for Home, SAFE, no throw or cutoff
Batting: RHB Francis Kelly 0-0: Ball
1-0: Fly out, F3 (Popup, 23F)
Bottom of the 8th over - 1 run(s), 2 hit(s), 0 error(s), 1 left on base; Mercer Island 1 - Marquette 4
TOP OF THE 9TH
Mercer Island Screaming Eagles batting - Pitching for Marquette Miners : RHP Brad Cunnick
Pitching: RHP Gabriel Rodríguez
Batting: RHB Shawn McCormack 0-0: Swinging Strike
0-1: Ball
1-1: Ball
2-1: SINGLE (Line Drive, 7S)
Batting: RHB Enrique Echevarría 0-0: Called Strike
0-1: Called Strike
0-2: Strikes out swinging
Batting: RHB Luis Antonio Hernández 0-0: Called Strike
0-1: Called Strike
0-2: Ball
Wild Pitch!
Shawn McCormack to second
1-2: Ball
Wild Pitch!
Shawn McCormack to third
2-2: Strikes out swinging
Batting: RHB Randy Rehling 0-0: Foul Ball, location: 2F
0-1: Foul Ball, location: 2F
0-2: Fly out, F8 (Flyball, 8LS)
Top of the 9th over - 0 run(s), 1 hit(s), 0 error(s), 1 left on base; Mercer Island 1 - Marquette 4
This league is powered by Out of the Park Baseball, the baseball management simulation game for PC, Mac and Linux
Friday, January 22nd, 2016 - OOTP Baseball 16.9 Build 39